 Dungeon Crawl Stone Soup version 0.30-a0-218-gedb9141078 (webtiles) character file.

Game seed: 15754287719142901630

2509 LnG the Covert (level 9, -4/50 HPs)
             Began as a Kobold Summoner on Oct 5, 2022.
             Was an Initiate of Dithmenos.
             Killed from afar by an acid dragon (29 damage)
             ... with a splash of acid
             ... on level 7 of the Dungeon.
             The game lasted 00:24:29 (6941 turns).

LnG the Covert (Kobold Summoner)                    Turns: 6941, Time: 00:24:29

Health: -4/50      AC:  5    Str:  6    XL:     9   Next: 83%
Magic:  13/17      EV: 16    Int: 20    God:    Dithmenos [......]
Gold:   366        SH:  0    Dex: 15    Spells: 5/18 levels left

rFire   + . .      SeeInvis +    o - +2 dagger (vamp)
rCold   + . .      Faith    .    (no shield)
rNeg    . . .      Spirit   .    p - +0 robe {rC+ rF+}
rPois   +          Reflect  .    x - +0 helmet {SInv}
rElec   .          Harm     .    j - +0 cloak
rCorr   .          Rampage  .    s - +0 pair of gloves
Will    .....                    (no boots)
Stlth   ++++++....               (no amulet)
HPRegen 0.28/turn                i - ring of poison resistance
MPRegen 0.15/turn                (no ring)

@: about to teleport
A: small, no large weapons, nightstalker 3
a: Renounce Religion


You were on level 7 of the Dungeon.
You worshipped Dithmenos.
Dithmenos was noncommittal.
You visited 2 branches of the dungeon, and saw 9 of its levels.

You collected 366 gold pieces.

Inventory:

Hand Weapons
 o - a +2 vampiric dagger (weapon)
Armour
 j - a +0 cloak (worn)
 p - a +0 robe of resistance (worn)
 s - a +0 pair of gloves (worn)
 x - a +0 helmet of see invisible (worn)
Jewellery
 i - a ring of poison resistance (left hand)
 l - a ring of ice
Wands
 e - a wand of charming (5)
 A - a wand of mindburst (7)
 C - a wand of flame (28)
Scrolls
 c - a scroll of teleportation
 d - a scroll of brand weapon
 t - 3 scrolls of identify {unknown}
 u - a scroll of magic mapping
 w - 2 scrolls of butterflies {unknown}
 y - 2 scrolls of silence
 z - a scroll of noise {unknown}
 B - a scroll of amnesia {unknown}
 D - a scroll of enchant armour {unknown}
Potions
 b - 2 potions of magic
 f - a potion of haste {unknown}
 g - 2 potions of mutation {unknown}
 k - a potion of attraction {unknown}
 m - a potion of brilliance
 n - a potion of flight {unknown}
 q - a potion of lignification {unknown}
 r - a potion of heal wounds {unknown}
 v - a potion of degeneration {unknown}


   Skills:
 + Level 3.0 Fighting
 + Level 5.1 Short Blades
 + Level 5.0 Dodging
 * Level 11.8 Stealth
 + Level 5.3 Spellcasting
 + Level 6.6 Summonings


You had 5 spell levels left.
You knew the following spells:

 Your Spells              Type           Power      Damage    Failure   Level
a - Summon Small Mammal   Summ           100%       N/A       1%          1
b - Call Imp              Summ           31%        N/A       1%          2
c - Call Canine Familiar  Summ           31%        N/A       2%          3
d - Summon Guardian Gole  Hex/Summ       18%        N/A       9%          3
e - Summon Lightning Spi  Summ/Air       18%        N/A       28%         4

Your spell library contained the following spells:

 Spells                   Type           Power      Damage    Failure   Level
 Magic Dart               Conj           20%        1d4       11%         1
 Ensorcelled Hibernation  Hex/Ice        10%        N/A       17%         2
 Passwall                 Tmut/Erth      4%         N/A       17%         2
 Searing Ray              Conj           10%        2d4       17%         2
 Ignite Poison            Fire/Tmut/Pois 5%         N/A       32%         3
 Inner Flame              Hex/Fire       5%         N/A       32%         3
 Kindle Blastsparks       Fire/Tloc/Air  10%        2d10      32%         3
 Swiftness                Air            5%         N/A       32%         3
 Flame Wave               Conj/Fire      5%         2d5       73%         4
 Fulminant Prism          Conj/Hex       2%         3d6       73%         4
 Sticky Flame             Conj/Fire      5%         2d3       73%         4
 Blade Hands              Tmut           2%         N/A       97%         5
 Freezing Cloud           Conj/Ice/Air   2%         6-21      97%         5
 Irradiate                Conj/Tmut      2%         3d12      97%         5
 Dragon Form              Tmut           2%         N/A       100%        7
 Ignition                 Fire           2%         3d3       100%        8


Dungeon Overview and Level Annotations

Branches:
Dungeon (8/15)             Temple (1/1) D:5
   Lair: D:8-11

Altars:
Ashenzari
Cheibriados
Dithmenos
Elyvilon
Hepliaklqana
Kikubaaqudgha
Makhleb
Nemelex Xobeh
Qazlal
Ru
Sif Muna
Trog
Uskayaw
Wu Jian
Xom
Yredelemnul
Zin
The Shining One

Shops:
D:1 :

Annotations:
D:2 1 runed translucent door, Crazy Yiuf


Innate Abilities, Weirdness & Mutations

You are small and have problems with some larger weapons.
You are completely attuned to the shadows.


Message History

Your hound bites the orc.
The orc hits you with a +0 falchion. The orc hits your hound with a +0 club.
You hit the orc but do no damage.
The orc is severely wounded.
Your hound bites the orc but does no damage.
The orc hits you with a +0 club. The orc hits you with a +0 falchion.
You hit the orc.
You feel better.
The orc is almost dead.
Your hound bites the orc but does no damage.
You strike the helpless orc from behind!
You impale the orc!!
You kill the orc!
Dithmenos accepts your kill. The orc closely misses you.
You swap places.
Found an escape hatch in the floor.
Your hound bites the orc.
The orc hits your hound with a +0 falchion.
Your hound barely misses the orc.
Items here: $ ) ? [ †.
Your hound closely misses the orc.
The electric eel shoots out a bolt of lightning at you!
The bolt of electricity hits you!
The orc hits your hound with a +0 falchion!
There is a stone staircase leading up here.
Your hound bites the orc.
The orc hits your hound with a +0 falchion.
Your hound barely misses the orc.
You climb upwards.
There is a stone staircase leading down here.
The acid dragon roars!
A centaur comes into view. It is wielding a +0 dagger.
There is a stone staircase leading down here.
As you read the scroll of teleportation, it crumbles to dust.
You feel strangely unstable. The acid dragon barely misses you.
The acid dragon misses you.
Casting: Call Canine Familiar (dangerous; 2% risk of failure)
Confirm with . or Enter, or press ? or * to list all spells.
The acid dragon spits acid at you. The splash of acid hits you!!
Ouch! That really hurt!
You die...

##..#......#
#.###########
....#.######
#............
###.#.##
#############
.......# ## .#####.#
#. ##..############
#. ##.#.#..........#
#.
#.###...........###
#.
.###.#.#.#####cD@....
#.
.......#.##....#.h###
#.
#.###..#.##.##....#
#. # #..#.## ###..#
#. #..# #..# #. #..#
#. # #. #. #. ##.###
#.


You could see an acid dragon (catching breath, ally target), a centaur and a
friendly hound (summoned).

Vanquished Creatures
  A kobold demonologist (D:8)
  A steam dragon (D:7)
  3 sky beasts
  An orc warrior (D:7)
  2 kobold brigands (D:8)
  2 scorpions
  A wight (D:7)
  An orc priest (D:7)
  A jelly (D:5)
  4 hounds
  Jessica (D:2)
  Ijyb (D:3)
  Natasha (D:2)
  An iguana (D:6)
  3 orc wizards
  5 gnolls
  5 adders
  A shadow imp (D:5)
  2 white imps
  2 dart slugs (D:4)
  6 orcs
  2 bats (D:3)
  5 endoplasms
  2 giant cockroaches
  5 hobgoblins
  4 jackals (D:4)
  4 kobolds
  4 quokkas
  6 ball pythons
  A frilled lizard (D:1)
  2 goblins
  A quokka skeleton (D:2)
  A rat (D:3)
82 creatures vanquished.

Vanquished Creatures (collateral kills)
  A black bear (D:5)
  An ogre (D:4)
  4 kobold brigands
  A necrophage (D:5)
  4 wights (D:7)
  A gnoll bouda (D:7)
  Natasha (D:2)
  Terence (D:2)
  2 orc wizards (D:3)
  2 gnolls (D:7)
  An adder (D:3)
  A white imp (D:5)
  A worm (D:2)
  A dart slug (D:1)
  An orc (D:3)
  2 bat zombies (D:2)
  3 endoplasms (D:2)
  A goblin (D:1)
  2 hobgoblins (D:2)
  A ball python (D:1)
  4 kobolds
  A quokka skeleton (D:2)
  3 rats
40 creatures vanquished.

Vanquished Creatures (others)
  16 plants (D:8)
16 creatures vanquished.

Grand Total: 138 creatures vanquished

Notes
Turn   | Place    | Note
-------+----------+-------------------------------------------
     0 | D:1      | LnG the Kobold Summoner began the quest for the Orb.
     0 | D:1      | Reached XP level 1. HP: 10/10 MP: 3/3
   116 | D:1      | Found Odimpaaw's Book Shop.
   164 | D:1      | Reached XP level 2. HP: 15/15 MP: 5/5
   167 | D:1      | Learned a level 2 spell: Call Imp
   244 | D:1      | Reached skill level 3 in Stealth
   508 | D:1      | You fall into a shaft and drop 1 floor!
   565 | D:2      | Noticed Terence
   569 | D:2      | Killed Terence
   570 | D:2      | Reached XP level 3. HP: 9/19 MP: 7/7
   574 | D:2      | Learned a level 3 spell: Call Canine Familiar
   737 | D:2      | Reached XP level 4. HP: 13/24 MP: 4/8
   786 | D:2      | Noticed Jessica
   790 | D:2      | Killed Jessica
   791 | D:2      | Reached skill level 4 in Stealth
   807 | D:2      | Noticed Natasha
   814 | D:2      | Killed Natasha
   815 | D:2      | Reached XP level 5. HP: 17/28 MP: 3/9
  1047 | D:2      | Noticed Natasha
  1223 | D:2      | Killed Natasha
  1224 | D:2      | Reached skill level 1 in Short Blades
  1224 | D:2      | Reached skill level 5 in Stealth
  1342 | D:2      | Found a runed translucent door.
  1345 | D:2      | Noticed Crazy Yiuf
  1620 | D:3      | Reached skill level 5 in Summonings
  1620 | D:3      | Reached XP level 6. HP: 33/33 MP: 10/10
  1882 | D:3      | Noticed Ijyb
  1886 | D:3      | Killed Ijyb
  1887 | D:3      | Reached skill level 1 in Fighting
  1903 | D:3      | Found a faded altar of an unknown god.
  2181 | D:4      | Noticed an ogre
  2207 | D:4      | Reached skill level 6 in Stealth
  2219 | D:4      | Killed an ogre
  2220 | D:4      | Reached XP level 7. HP: 23/38 MP: 7/12
  2959 | D:5      | Entered Level 5 of the Dungeon
  2963 | D:5      | Reached skill level 7 in Stealth
  3232 | D:5      | Reached skill level 8 in Stealth
  3491 | D:5      | Reached XP level 8. HP: 43/44 MP: 10/13
  3551 | D:5      | Found a staircase to the Ecumenical Temple.
  3867 | Temple   | Entered the Ecumenical Temple
  4031 | Temple   | Became a worshipper of Dithmenos the Shadowed
  4221 | D:6      | Reached skill level 9 in Stealth
  4897 | D:7      | Learned a level 3 spell: Summon Guardian Golem
  4923 | D:7      | Reached skill level 10 in Stealth
  5723 | D:7      | Reached XP level 9. HP: 42/43 MP: 15/15
  5728 | D:7      | Learned a level 4 spell: Summon Lightning Spire
  6182 | D:7      | Reached skill level 11 in Stealth
  6413 | D:8      | Noticed a kobold demonologist
  6463 | D:8      | Killed a kobold demonologist
  6464 | D:8      | Reached skill level 5 in Spellcasting
  6727 | D:7      | Reached skill level 5 in Short Blades
  6803 | D:8      | Reached skill level 5 in Dodging
  6870 | D:8      | Identified the +4 ring mail of the Irksome Echidna {Rampage
                  | Str+4 Int+2 Slay-2}
  6941 | D:7      | Killed from afar by an acid dragon

Illustrated notes

Levels and vault maps discovered:
D:1:      onia_arrival_pyramid, layout_rooms, serial_shops, shop
D:2:      layout_rooms, serial_undead, serial_undead_a, serial_undead_d,
          serial_undead_c, serial_undead_d, uniq_terence,
          uniq_crazy_yiuf_cottage, uniq_natasha, uniq_jessica
D:3:      layout_rooms, hellmonk_ecumenical_altar_leap_of_faith, uniq_ijyb
D:4:      layout_loops_ring, fountainhead
D:5:      layout_basic, minmay_temple_entry_from_below_b, uniq_prince_ribbit1,
          uniq_sigmund
D:6:      layout_basic
D:7:      layout_loops_ring
D:8:      layout_loops_ring, mainiacjoe_overflow_concentric_impassable,
          erik_lair_dragon, special_room [special_room_kobold],
          serial_bayou_ford_a, hangedman_misty_isle
Temple:   compressed_dpeg_circular_temple

Skill      XL: |  1  2  3  4  5  6  7  8  9 |
---------------+----------------------------+-----
Stealth        | 3 4 5 6 8 10 11 | 11.8
Spellcasting   | 3 4 5 |  5.3
Short Blades   | 1 2 3 4 5 |  5.1
Summonings     | 5 6 |  6.6
Fighting       | 1 2 3 |  3.0
Dodging        | 3 5 |  5.0

Action                   |  1- 3 |  4- 6 |  7- 9 || total
-------------------------+-------+-------+-------++-------
Melee: Unarmed           |     9 |       |       ||     9
       Dagger            |    43 |    70 |   305 ||   418
       Punch             |     1 |       |     4 ||     5
 Cast: Summon Small Mamm |     5 |     4 |     4 ||    13
       Call Imp          |     5 |     5 |    10 ||    20
       Call Canine Famil |       |     7 |    35 ||    42
  Use: Scroll            |       |     4 |     8 ||    12
       Potion            |       |     1 |     4 ||     5
 Stab: Sleeping          |     9 |    12 |    29 ||    50
       Distracted        |     1 |     1 |     4 ||     6
Armor: Robe              |     2 |    11 |    45 ||    58
Dodge: Dodged            |    37 |    60 |   208 ||   305

Table legend: (Time is in decaauts)
 A = Elapsed time spent in this place.
 B = Non-inter-level travel time spent in this place.
 C = Inter-level travel time spent in this place.
 D = Time resting spent in this place.
 E = Time spent auto-exploring this place.
 F = Levels seen in this place.
 G = Mean time per level.
                   A        B        C        D        E       F      G
               +--------+--------+--------+--------+--------+-----+--------+
         Total |   6881 |   6660 |    221 |   1023 |   3362 |   9 |  764.6 |
       Dungeon |   6686 |   6516 |    170 |   1023 |   3238 |   8 |  835.8 |
        Temple |    195 |    144 |     51 |      0 |    124 |   1 |  195.0 |
               +--------+--------+--------+--------+--------+-----+--------+

Top non-repeatable levels by time:
     D:7: 1611 daAuts
     D:6: 1068 daAuts
     D:5: 803 daAuts
     D:3: 776 daAuts
     D:2: 766 daAuts
     D:4: 760 daAuts
     D:1: 647 daAuts
     D:8: 252 daAuts
  Temple: 195 daAuts
